 Dungeon Crawl Stone Soup version 0.31.0-11-ge490571c62 (webtiles) character file.

Game seed: 419630766328760468

95 qw the Shooter (level 4, 0/25 HPs)
             Began as a Deep Elf Hunter on Feb 3, 2024.
             Killed from afar by Natasha (5 damage)
             ... with a magic dart
             ... on level 3 of the Dungeon.
             The game lasted 00:00:05 (1515 turns).

qw the Shooter (Deep Elf Hunter)                    Turns: 1515, Time: 00:00:06

Health: 0/25       AC:  5    Str: 10    XL:     4   Next: 40%
Magic:  6/6        EV: 12    Int: 14    God:
Gold:   133        SH:  5    Dex: 18    Spells: 3/3 levels left

rFire   . . .        a - +0 shortbow (heavy)
rCold   . . .        (shield currently unavailable)
rNeg    . . .        c - +0 leather armour
rPois   .            h - +1 helmet
rElec   .            (no cloak)
rCorr   .            (no gloves)
SInv    .            (no boots)
Will    .....        l - amulet of reflection
Stlth   ++           (no ring)
HPRegen 0.24/turn    (no ring)
MPRegen 0.10/turn

%: reflection
@: about to teleport, hasted and slowed
A: no striking features
a: no special abilities


You were on level 3 of the Dungeon.
You visited 1 branch of the dungeon, and saw 3 of its levels.

You collected 133 gold pieces.


   Skills:
 - Level 1.5 Fighting
 + Level 7.8 Ranged Weapons
 - Level 2.4 Dodging
 - Level 1.2 Stealth


You had 3 spell levels left.
You didn't know any spells.
Your spell library was empty.

Inventory:

Hand Weapons
 a - a +0 heavy shortbow (weapon)
Armour
 c - a +0 leather armour (worn)
 h - a +1 helmet (worn)
Jewellery
 l - an amulet of reflection (around neck)
Potions
 d - a potion of might
 n - a potion of heal wounds {unknown}

Dungeon Overview and Level Annotations

Branches:
Dungeon (3/15)

Altars:

Shops:
D:1 (

Annotations:
D:2 1 runed translucent door, Crazy Yiuf
D:3 Natasha


Message History

You shoot an arrow. The arrow hits the orc!
You kill the orc!
Things that are here:
a +0 short sword; a +0 leather armour; an orc corpse You now have 133 gold pieces (gained 16).
Things that are here:
a +0 dagger; a +0 leather armour Natasha, Servant of Life and Death comes into view.
Natasha hisses angrily.
You shoot an arrow. The arrow closely misses Natasha.
An adder zombie comes into view.
Natasha stares at you and mumbles some strange words.
The magic dart hits you!
The adder zombie moves out of view.
1507 ||| FLEEEEING.
You start resting.
Natasha is nearby!
You shoot an arrow. The arrow closely misses Natasha.
Natasha barely misses you.
You shoot an arrow.
The arrow hits Natasha but does no damage.
Natasha casts a spell at you. The magic dart hits you.
Natasha mumbles some strange words.
You shoot an arrow.
The arrow barely misses the cerulean imp.
Natasha howls an incantation.
Natasha shimmers violently.
Natasha stares at you and mumbles some strange words.
You feel yourself slow down. The cerulean imp closely misses you.
1514 ||| DRINKING potion of haste.
You feel yourself speed up. Natasha barely misses you.
You block the cerulean imp's attack. Natasha claws you!
The cerulean imp hits you with a +1 spear.
1515 ||| READING scroll of teleportation.
As you read the scroll of teleportation, it crumbles to dust.
You feel strangely unstable.
Natasha stares at you and mumbles some strange words.
The magic dart hits you.
You die...
Natasha curls up and begins to purr.

...######
..h.....#
#h#######
#@.......
##########)5......
..................
..........########
........).#####
................
#######.######.#
#####'###
#.......##


You could see Natasha and a cerulean imp (summoned).

Vanquished Creatures
  Jessica (D:2)
  An adder (D:2)
  3 ribbon worms (D:2)
  3 orcs (D:3)
  8 bats
  4 endoplasms
  4 giant cockroaches
  2 goblins
  2 hobgoblins (D:2)
  3 jackals (D:1)
  2 quokkas
  2 ball pythons
  3 frilled lizards (D:2)
  3 kobolds (D:1)
  9 rats
50 creatures vanquished.

Notes
Turn   | Place    | Note
-------+----------+-------------------------------------------
     0 | D:1      | qw the Deep Elf Hunter began the quest for the Orb.
     0 | D:1      | Reached XP level 1. HP: 12/12 MP: 3/3
     0 | D:1      | 0 ||| qw: Version: 0.3-a-155-g5e7d8dd
     0 | D:1      | 0 ||| qw: Game counter: 3213
     0 | D:1      | 0 ||| qw: Melee chars always use a shield: true
     0 | D:1      | 0 ||| qw: God list: Okawaru
     0 | D:1      | 0 ||| qw: Allow faded altars: false
     0 | D:1      | 0 ||| qw: Do Orc after clearing Dungeon:15 true
     0 | D:1      | 0 ||| qw: Do second Lair branch before Depths: true
     0 | D:1      | 0 ||| qw: Lair rune preference: random
     0 | D:1      | 0 ||| qw: Goals: Normal
     0 | D:1      | 0 ||| PLANNING D:1-11
    78 | D:1      | HP: 3/12 [jackal (2)]
    82 | D:1      | Reached XP level 2. HP: 4/16 MP: 4/4
   138 | D:1      | Found Nykam's Weapon Boutique.
   153 | D:1      | Reached skill level 6 in Ranged Weapons
   478 | D:1      | 478 ||| UPGRADING to +0 helmet.
   483 | D:1      | 483 ||| READING scroll labelled VIMAOF SATIEGO.
   484 | D:1      | 484 ||| READING scroll labelled FIHELU GUSCH.
   484 | D:1      | 484 ||| ENCHANTING +0 helmet.
   485 | D:1      | 485 ||| READING 2 scrolls labelled KAATIX VUSTRUA.
   486 | D:1      | 486 ||| READING scroll labelled QOISKE OTUHEZI.
   486 | D:1      | 486 ||| IDENTIFYING inky potion
   487 | D:1      | 487 ||| DROPPING scroll of butterflies.
   488 | D:1      | 488 ||| DROPPING scroll of noise.
   512 | D:2      | Reached XP level 3. HP: 20/20 MP: 5/5
   861 | D:2      | Noticed Jessica
   873 | D:2      | Killed Jessica
   874 | D:2      | Reached skill level 7 in Ranged Weapons
   874 | D:2      | Reached XP level 4. HP: 25/25 MP: 6/6
  1058 | D:2      | Found a runed translucent door.
  1059 | D:2      | Noticed Crazy Yiuf
  1293 | D:2      | 1293 ||| UPGRADING to amulet of reflection.
  1298 | D:2      | 1298 ||| READING 2 scrolls of identify.
  1298 | D:2      | 1298 ||| IDENTIFYING fuming pink potion
  1299 | D:2      | 1299 ||| READING scroll of identify.
  1299 | D:2      | 1299 ||| IDENTIFYING bubbling black potion
  1300 | D:2      | 1300 ||| READING 2 scrolls labelled EPLERPH SUGGO.
  1301 | D:2      | 1301 ||| READING scroll labelled MUTREDA ADONIYL.
  1301 | D:2      | 1301 ||| BRANDING +0 shortbow.
  1302 | D:2      | 1302 ||| READING 2 scrolls labelled SAMADI ZIOS.
  1313 | D:2      | 1313 ||| READING scroll labelled HOQUCA NONEO.
  1414 | D:2      | 1414 ||| READING scroll labelled QOXIUKHL ARHI.
  1415 | D:2      | 1415 ||| READING scroll labelled DIR TEHIUK.
  1416 | D:2      | 1416 ||| DROPPING potion of magic.
  1417 | D:2      | 1417 ||| DROPPING scroll of poison.
  1505 | D:3      | Noticed Natasha
  1507 | D:3      | 1507 ||| FLEEEEING.
  1514 | D:3      | 1514 ||| DRINKING potion of haste.
  1514 | D:3      | HP: 6/25 [Natasha (7)]
  1515 | D:3      | 1515 ||| READING scroll of teleportation.
  1515 | D:3      | Killed from afar by Natasha

Levels and vault maps discovered:
D:1:      wander_arrival_lonely_grave, layout_rooms, serial_shops,
          nicolae_shop_bloodbath_and_beyond
D:2:      layout_loops_ring, kennysheep_generic_room_13,
          uniq_crazy_yiuf_cottage, uniq_jessica
D:3:      minmay_razor_zed, layout_basic, lemuel_zombie_altar_yredelemnul,
          gammafunk_temple_overflow_pools, serial_shops, shop,
          kennysheep_generic_room_16, uniq_natasha

Skill      XL: |  1  2  3 |
---------------+----------+-----
Ranged Weapons | 6 7 |  7.8
Fighting       | |  1.5
Dodging        | |  2.4
Stealth        | |  1.2

Action                     |  1- 3 |  4- 6 || total
---------------------------+-------+-------++-------
   Fire: Shortbow          |    96 |    29 ||   125
    Use: Scroll            |     4 |     9 ||    13
         Potion            |       |     1 ||     1
 Armour: Leather armour    |    22 |     8 ||    30
  Dodge: Dodged            |    20 |     4 ||    24
  Block: Other             |       |     1 ||     1

Table legend:
 A = Non-vault XP
 B = Vault XP
 C = Vault XP percentage of total XP
 D = Non-vault monster count
 E = Vault monster count
 F = Vault count percentage of total count
                 A         B        C        D         E       F
            +---------+---------+-------+---------+---------+-------
      Total |      99 |      38 |  27.7 |      48 |       2 |   4.0
            +---------+---------+-------+---------+---------+-------
        D:1 |      38 |       0 |   0.0 |      24 |       0 |   0.0
        D:2 |      50 |      38 |  43.2 |      20 |       2 |   9.1
        D:3 |      11 |       0 |   0.0 |       4 |       0 |   0.0
            +---------+---------+-------+---------+---------+-------
